 Dungeon Crawl Stone Soup version 0.29.1-1-gd02db69 (webtiles) character file.

Game seed: 16306582279360039908

682 Draken1998 the Covert (level 7, -3/46 HPs)
             Began as an Octopode Brigand on Nov 1, 2022.
             Was a Follower of Dithmenos.
             Slain by an unseen horror (5 damage)
             ... on level 6 of the Dungeon.
             The game lasted 00:12:07 (5031 turns).

Draken1998 the Covert (Octopode Brigand)            Turns: 5031, Time: 00:12:07

Health: -3/46      AC:  5    Str: 10    XL:     7   Next: 61%
Magic:  7/7        EV: 19    Int: 19    God:    Dithmenos [*.....]
Gold:   423        SH:  0    Dex: 16    Spells: 2/6 levels left

rFire   . . .      SeeInvis .   a - +2 dagger
rCold   . . .      Faith    .   (no shield)
rNeg    . . .      Spirit   .   (helmet restricted)
rPois   .          Reflect  .   (no amulet)
rElec   .          Harm     .   d - +4 ring of evasion
rCorr   .          Rampage  .   j - +4 ring of protection
Will    .....                   u - +6 ring of intelligence
Stlth   ++++++....              (no ring)
HPRegen 0.15/turn               (no ring)
MPRegen 0.10/turn               (no ring)
                                (no ring)
                                (no ring)

@: wreathed by umbra
A: almost no armour, amphibious, 8 rings, camouflage 1, gelatinous body 1,
(nimble swimmer 1), tentacles
a: Renounce Religion


You were on level 6 of the Dungeon.
You worshipped Dithmenos.
Dithmenos was aware of your devotion.
You visited 1 branch of the dungeon, and saw 6 of its levels.

You collected 423 gold pieces.

Inventory:

Hand Weapons
 a - a +2 dagger (weapon)
Missiles
 b - 16 poisoned darts (quivered)
 c - 8 curare-tipped darts
Jewellery
 d - a +4 ring of evasion (left tentacle)
 j - a +4 ring of protection (right tentacle)
 u - a +6 ring of intelligence (on tentacle)
Scrolls
 f - 4 scrolls of teleportation
 n - a scroll of vulnerability
 p - a scroll of butterflies
 q - a scroll of immolation
 r - a scroll of silence {unknown}
 t - 2 scrolls of enchant weapon
 v - a scroll of magic mapping {unknown}
Potions
 h - a potion of lignification {unknown}
 i - a potion of heal wounds {unknown}
 k - 2 potions of brilliance
 l - 3 potions of mutation
 m - a potion of flight
 o - a potion of berserk rage {unknown}
 x - a potion of invisibility {unknown}
 z - a potion of haste {unknown}


   Skills:
 - Level 3.1 Fighting
 - Level 2.0 Short Blades
 - Level 2.0 Throwing
 + Level 4.6 Dodging
 * Level 9.7 Stealth
 + Level 2.4 Poison Magic


You had 2 spell levels left.
You knew the following spells:

 Your Spells              Type           Power      Damage    Failure   Level
a - Olgreb's Toxic Radia  Pois           9%         N/A       58%         4

Your spell library contained the following spells:

 Spells                   Type           Power      Damage    Failure   Level
 Sting                    Tmut/Pois      16%        1d3       13%         1
 Poisonous Vapours        Pois/Air       8%         N/A       19%         2
 Sandblast                Erth           0%         2d4       21%         1
 Summon Small Mammal      Summ           0%         N/A       21%         1
 Passwall                 Tmut/Erth      0%         N/A       30%         2
 Call Canine Familiar     Summ           0%         N/A       52%         3
 Stone Arrow              Conj/Erth      0%         3d7       52%         3
 Summon Guardian Golem    Hex/Summ       0%         N/A       52%         3


Dungeon Overview and Level Annotations

Branches:
Dungeon (6/15)
 Temple: D:4-7

Altars:
Dithmenos


Innate Abilities, Weirdness & Mutations

You cannot wear most types of armour.
You are amphibious.
You can wear up to eight rings at the same time.
Your skin changes colour to match your surroundings (Stealth+).
Your rubbery body absorbs attacks. (AC +1, EV +1)
((You are camouflaged when in or above water. (Stealth+)))
You have tentacles for arms and can constrict up to eight enemies at once.


Message History

q - a scroll of immolation
As you read the scroll labelled COSCHO DAGEAG, it crumbles to dust.
It is a scroll of enchant armour.
You aren't carrying any armour which can be enchanted further.
Okay, then.
g - a scroll of identify The teleport trap disappears.
As you read the scroll of identify, it crumbles to dust.
w - a scroll of summoning Something completely misses you.
Something closely misses you.
An orc comes into view. It is wielding a +0 club.
Something completely misses you.
Deactivating autopickup; reactivate with Ctrl-A.
You barely miss something. Your squeeze misses something. Something hits you.
Something completely misses you. Something hits you but does no damage.
Something closely misses you. Something hits you. Something barely misses you.
No target in view!
Something hits you but does no damage. Something hits you.
Something hits you but does no damage. Something hits you. Something hits you.
Something hits you!
Something hits the bush but does no damage.
Something hits you but does no damage.
You hit something but do no damage. Something hits you!
* * * LOW HITPOINT WARNING * * *
You feel better. Something hits you.
Something hits the bush!
You feel better. Something hits you! Something hits you.
* * * LOW HITPOINT WARNING * * *
You aren't carrying any items that you can evoke.
Throw: 17 darts (poison)
Press: ? - help, Shift-Dir - straight line You throw a poisoned dart.
Something barely misses you. Something hits you!
* * * LOW HITPOINT WARNING * * *
As you read the scroll of summoning, it crumbles to dust.
Wisps of shadow whirl around you... Something hits you.
You die...

...# ##.#......(....####
#.................
#.P...P.... ...PP #..♣
♣P.P♣ ♣P..♣ #.P♣ ♣..P♣
♣...♣ .
#..♣♣♣...♣♣♣P.P♣♣♣..
#.P.PP...P..P.P.PP.o
#......n.@O.........
#.PP.P....(...P.P.P.
########.P♣♣♣PhP♣♣♣.:P♣♣♣P.
.....<...P♣ ♣P..♣ ♣..P♣
#######+..♣ ♣..P♣ ♣P..♣
...P.P....P.P..PP
...................
....P..PP..PPPP.P....
.....P♣♣♣..P♣♣♣P..♣♣♣P


You could see a friendly ogre (summoned, wandering), a friendly necrophage
(summoned, wandering) and a friendly hound (summoned).

Vanquished Creatures
  An ice beast (D:5)
  A centaur (D:5)
  A scorpion (D:5)
  A necrophage (D:5)
  3 hounds (D:5)
  A jelly (D:5)
  3 iguanas (D:5)
  Terence (D:2)
  4 gnolls
  4 adders
  A shadow imp (D:5)
  2 worms
  2 dart slugs
  2 orcs (D:4)
  8 bats
  6 endoplasms
  2 giant cockroaches
  5 goblins
  7 hobgoblins
  9 jackals
  2 quokkas
  5 ball pythons
  6 frilled lizards
  3 kobolds
  9 rats
89 creatures vanquished.

Notes
Turn   | Place    | Note
-------+----------+-------------------------------------------
     0 | D:1      | Draken1998 the Octopode Brigand began the quest for the
                  | Orb.
     0 | D:1      | Reached XP level 1. HP: 14/14 MP: 1/1
   476 | D:1      | Reached XP level 2. HP: 19/19 MP: 2/2
   574 | D:1      | Reached skill level 6 in Stealth
   798 | D:1      | Reached XP level 3. HP: 24/24 MP: 3/3
  1251 | D:2      | Noticed Terence
  1254 | D:2      | Reached XP level 4. HP: 29/29 MP: 4/4
  1264 | D:2      | Killed Terence
  1265 | D:2      | Reached skill level 7 in Stealth
  2085 | D:3      | Found a shadowy altar of Dithmenos.
  2177 | D:3      | Became a worshipper of Dithmenos the Shadowed
  2284 | D:3      | Reached XP level 5. HP: 35/35 MP: 5/5
  3066 | D:4      | Identified the +7 plate armour of Omuiz {Will+ Int+5
                  | Slay-6}
  3198 | D:4      | Identified the +7 scale mail of Gestures {rN+ Str+3}
  3540 | D:5      | Entered Level 5 of the Dungeon
  3587 | D:5      | Reached XP level 6. HP: 41/41 MP: 6/6
  3648 | D:5      | Reached skill level 8 in Stealth
  3667 | D:5      | Noticed an ice beast
  3691 | D:5      | HP: 2/42 [ice beast (13)]
  3978 | D:5      | Reached * piety under Dithmenos
  4062 | D:5      | Learned a level 4 spell: Olgreb's Toxic Radiance
  4189 | D:5      | Reached skill level 1 in Poison Magic
  4237 | D:5      | Reached XP level 7. HP: 46/46 MP: 7/7
  4348 | D:5      | Reached skill level 9 in Stealth
  5030 | D:6      | HP: 2/46 [something (8)]
  5031 | D:6      | Slain by an unseen horror

Illustrated notes

Levels and vault maps discovered:
D:1:      lemuel_arrival_hallway, layout_basic
D:2:      layout_basic, minmay_misc_feat_nine_boxes,
          minmay_fractal_squares_gapless_5, uniq_terence
D:3:      layout_loops_cross, nicolae_dithmenos_shadow_blocks,
          grunt_ministairs_9, wander_ebering_terrifying_dragon_lair
D:4:      layout_basic, minmay_box_of_dots
D:5:      minmay_inner_zag, layout_basic
D:6:      layout_basic, old_standard_altar, serial_shops, shop,
          chequers_serial_rivers_small_b, kennysheep_boxes

Skill      XL: |  1  2  3  4  5  6  7 |
---------------+----------------------+-----
Stealth        | 6 7 8 9 |  9.7
Dodging        | 2 3 4 |  4.6
Fighting       | 3 |  3.1
Poison Magic   | 1 2 |  2.4
Short Blades   | |  2.0
Throwing       | |  2.0

Action                   |  1- 3 |  4- 6 |  7- 9 || total
-------------------------+-------+-------+-------++-------
Melee: Dagger            |    51 |   103 |    35 ||   189
       Constrict         |    13 |    25 |       ||    38
       Tentacles         |     8 |    26 |     8 ||    42
       Punch             |       |     2 |     2 ||     4
Throw: Dart              |       |    19 |     1 ||    20
  Use: Scroll            |     4 |     2 |     9 ||    15
       Potion            |       |     1 |     2 ||     3
 Stab: Sleeping          |    17 |    18 |     3 ||    38
       Distracted        |       |     1 |       ||     1
Armor: Skin              |     3 |    16 |    13 ||    32
Dodge: Dodged            |    25 |    76 |    31 ||   132
